 Dungeon Crawl Stone Soup version 0.26-a0-1222-g14533b3512 (webtiles) character file.

Game seed: 5877063493854187953

(classic levelgen) 19310 EnegeticOcto the Cleaver (level 12, -6/112 HPs)
             Began as a Deep Dwarf Fighter on Dec 31, 2020.
             Was a Priest of Makhleb.
             Mangled by an orc warrior
             ... wielding a +0 scimitar
             ... led by an orc warlord
              (26 damage)
             ... on level 2 of the Orcish Mines.
             The game lasted 00:07:04 (8666 turns).

EnegeticOcto the Cleaver (Deep Dwarf Fighter)       Turns: 8666, Time: 00:07:05

Health: -6/112     AC: 24    Str: 26    XL:     12   Next: 35%
Magic:  8/8        EV:  6    Int: 11    God:    Makhleb [***...]
Gold:   1123       SH: 12    Dex: 12    Spells: 11/11 levels left

rFire    . . .     SeeInvis .   i - +8 war axe of Niwep {venom, rF- Will+ Int+3}
rCold    . . .     Faith    .   c - +0 kite shield
rNeg     . . .     Spirit   .   p - +0 plate armour
rPois    .         Reflect  .   E - +2 helmet
rElec    .         Harm     .   b - +2 cloak
rCorr    +         Rampage  .   s - +2 pair of gloves
Will     ++...                  (no boots)
Stlth    ..........             (no amulet)
HPRegen  0.00/turn              H - ring of resist corrosion
MPRegen  0.11/turn              x - ring of protection from fire

@: non-regenerating
A: damage resistance, heal wounds, sense surroundings 2, no regeneration
a: Heal Wounds, Renounce Religion, Minor Destruction, Lesser Servant of Makhleb


You were on level 2 of the Orcish Mines.
You worshipped Makhleb.
Makhleb was most pleased with you.
You visited 3 branches of the dungeon, and saw 15 of its levels.
You also visited: Ossuary.

You collected 1368 gold pieces.
You spent 245 gold pieces at shops.

Inventory:

Hand Weapons
 a - a +1 war axe
 i - the +8 war axe of Niwep (weapon) {venom, rF- Will+ Int+3}
   (You acquired it on level 8 of the Dungeon)

   It poisons the flesh of those it strikes.
   It affects your intelligence (+3).
   It makes you vulnerable to fire.
   It affects your willpower, your defense against some magical effects.
Missiles
 y - a throwing net
Armour
 b - a +2 cloak (worn)
 c - a +0 kite shield (worn)
 m - a +0 cloak
 p - a +0 plate armour (worn)
 s - a +2 pair of gloves (worn)
 E - a +2 helmet (worn)
Jewellery
 x - a ring of protection from fire (right hand)
 H - a ring of resist corrosion (left hand)
Wands
 k - a wand of digging (7) {@v3}
 t - a wand of iceblast (15) {@v2}
 z - a wand of polymorph (7)
Scrolls
 f - a scroll of fear
 g - 10 scrolls of teleportation {@r3}
 l - 4 scrolls of identify {@r1}
 n - 3 scrolls of immolation {@r4}
 o - 3 scrolls of blinking
 w - 4 scrolls of enchant weapon
 A - a scroll of remove curse {@r2}
 G - a scroll of fog {unknown}
Potions
 d - 3 potions of might {@q3}
 e - 2 potions of berserk rage
 h - 6 potions of flight
 j - 2 potions of invisibility
 q - 4 potions of heal wounds {@q2}
 r - 7 potions of curing {@q1}
 u - 2 potions of attraction
 v - a potion of magic
 C - a potion of degeneration {unknown}
 D - a potion of mutation
 F - a potion of haste {@q4}
Miscellaneous
 B - a tin of tremorstones (2/2)


   Skills:
 + Level 8.4 Fighting
 * Level 13.1 Axes
 + Level 10.0 Armour
 + Level 10.0 Shields
 * Level 9.0 Invocations
 + Level 3.9 Evocations


You had 11 spell levels left.
You didn't know any spells.
Your spell library was empty.

Dungeon Overview and Level Annotations

Branches:
Dungeon (12/15)            Temple (1/1) D:7            Lair (0/6) D:10
    Orc (2/2) D:12        Ossuary (visited)
    Elf: Orc:2

Altars:
Ashenzari
Cheibriados
Dithmenos
Elyvilon
Fedhas
Gozag
Hepliaklqana
Kikubaaqudgha
Makhleb
Nemelex Xobeh
Okawaru
Qazlal
Ru
Sif Muna
Trog
Uskayaw
Vehumet
Wu Jian
Xom
Yredelemnul
Zin
The Shining One
Beogh

Shops:
D:4 *   D:5 *   D:11 *

Portals:
Trove: D:10 (give +8 demon whip)

Annotations:
D:5 1 runed translucent door, dreux's ghost, novice GrEE
D:12 2 transporters, Kaver's ghost, journeyman GrEE


Innate Abilities, Weirdness & Mutations

You are resistant to damage.
You can heal yourself by infusing magical energy.
You passively map the area around you.
You do not regenerate.


Message History

The orc shouts!
You hit the ogre.
The ogre looks as sick as possible!
The ogre is moderately wounded.
You hit the orc.
The orc is poisoned.
The orc warrior throws a boomerang.
The boomerang hits you.
The weapon returns to the orc warrior!
You block the orc's attack. You block the ogre's attack.
You slash the orc!
You kill the orc!
Makhleb accepts your kill.
You hit the ogre.
The ogre looks as sick as possible!
The orc warrior throws a boomerang.
You block the boomerang.
The weapon returns to the orc warrior!
You hit the ogre.
The ogre looks as sick as possible!
The ogre is almost dead.
You hit the orc.
The orc is poisoned.
You kill the ogre!
Makhleb accepts your kill.
You feel better.
The orc warrior hits you but does no damage.
An orc knight comes into view. It is wielding a +0 halberd.
You hit the orc.
You kill the orc!
Makhleb accepts your kill.
You hit the orc warrior.
The orc warrior is poisoned.
The orc warlord unwields a +1 long sword.
The orc warlord wields a +0 arbalest.
The orc warlord shoots a bolt.
The bolt hits you!
The orc warrior hits you from afar with a +0 glaive!!
You hear a shout! x2
You closely miss the orc warrior.
The orc warrior is lightly wounded.
You closely miss the orc warrior.
An ogre comes into view. It is wielding a +0 giant club.
You block the orc warrior's attack.
An orc sorcerer comes into view. It is wielding a +4 dagger.
You block the orc warrior's attack.
You barely miss the orc warrior.
The orc warrior is lightly wounded.
You hit the orc warrior but do no damage.
The orc warrior is poisoned.
You slash the orc wizard!
You kill the orc wizard!
Makhleb accepts your kill.
You feel better.
You hit the orc warrior.
The orc warrior is poisoned.
You block the orc warrior's attack.
The orc warrior hits you with a +0 scimitar.
You barely miss the orc warrior.
The orc warrior is moderately wounded.
You closely miss the orc warrior. x2; The orc warlord shoots a bolt.
The bolt hits you!!
The orc warrior hits you but does no damage. x2
The orc warrior closely misses you.
You closely miss the orc warrior.
The orc warrior is moderately wounded.
You slash the orc warrior!
The orc warrior is poisoned.
You hit the orc warrior. x2
The orc warrior looks as sick as possible!
You block the orc warrior's attack.
The orc warrior hits you but does no damage.
The orc knight roars a battlecry!
The orc warlord goes into a battle-frenzy!
You slash the orc warrior!
The orc warrior looks as sick as possible!
The orc warrior is almost dead.
You closely miss the orc warrior. You hit the orc warlord.
The orc warlord is poisoned.
You closely miss the orc warrior.
Your shield and plate armour prevent you from hitting the orc warrior.
You slash the orc!
You kill the orc!
Makhleb accepts your kill.
The orc warrior hits you but does no damage.
You block the orc warrior's attack. x2; The orc warrior completely misses you.
You barely miss the orc warrior.
The orc warrior is almost dead.
Your plate armour prevents you from hitting the orc warrior.
You slash the orc warlord!
The orc warlord looks even sicker.
You slash the orc warrior!
The orc warrior looks as sick as possible!
You slash the orc!
You kill the orc!
Makhleb accepts your kill.
You feel better.
You hit the orc warrior.
The orc warrior looks as sick as possible!
You kill the orc warrior!
Makhleb accepts your kill.
The orc warlord unwields a +0 arbalest.
The orc warlord wields a +1 long sword.
You block the orc warlord's attack.
The orc sorcerer mumbles some strange words.
The orc warrior hits you with a +0 dire flail!
The orc warrior hits you from afar with a +0 glaive!
The orc warrior hits you with a +0 short sword!!
* * * LOW HITPOINT WARNING * * *
You are too injured to fight recklessly!
You are too injured to fight recklessly!
You are too injured to fight recklessly!
You feel much better.
The orc warlord hits you with a +1 long sword!!
* * * LOW HITPOINT WARNING * * *
You block the orc warrior's attack.
The orc warrior hits you with a +0 scimitar!!
You die...

, , , , * .......
....#.. .......
.#^...., ,
.......#.#..... **
, .......4.......,
,.....O.o.......
,* *
$...#ooo......., *
, ,
......o))...... ,
......o@o...... *
......oo......., *
* *......$........
* * *
.......<....... *
*
,,,.....$.........
,............... ,
,*
..............#,,
**
########....###, *
* ...<.#


You could see an orc warlord (strong, very poisoned), an orc knight (strong), a
hellwing (summoned), an orc sorcerer (strong), 5 orc warriors, an ogre and an
orc (strong).

Vanquished Creatures
  Rupert (D:12)
  A boulder beetle (D:11)
  5 two-headed ogres
  An unseen horror (D:11)
  Pikel (D:6)
  3 ugly things
  2 cyclopes (D:11)
  A gargoyle (D:10)
  2 trolls (D:10)
  Grinder (D:6)
  Sigmund (D:3)
  A vampire (D:10)
  2 wyverns
  A soldier ant (D:10)
  10 orc warriors
  6 ice beasts
  5 phantoms
  A black bear (D:8)
  A necrophage (D:10)
  2 sky beasts (D:11)
  12 ogres
  11 centaurs
  3 wolves (D:10)
  A big kobold (D:10)
  5 bullfrogs
  A gnoll sergeant (D:7)
  4 scorpions
  5 killer bees (D:9)
  11 wights
  6 electric eels
  7 howler monkeys
  3 bullfrog zombies
  4 centaur zombies
  2 bullfrog skeletons
  10 hounds
  A jelly (D:7)
  A centaur skeleton (D:4)
  7 orc priests
  A gnoll shaman (D:10)
  9 orc wizards
  2 iguanas
  Terence (D:3)
  Jessica (D:2)
  3 worker ants
  A hound zombie (D:7)
  3 hound skeletons
  8 mummies (Ossuary)
  2 worker ant zombies (D:5)
  A howler monkey zombie (D:6)
  7 adders
  22 gnolls
  A howler monkey skeleton (D:10)
  A shadow imp (D:7)
  2 white imps
  2 ufetubi
  An ooze (D:2)
  An adder skeleton (D:7)
  2 leopard geckos
  40 orcs
  5 giant cockroaches
  4 gnoll zombies (Ossuary)
  12 goblins
  8 hobgoblins
  10 jackals
  3 quokkas
  A ball python (D:7)
  6 bats
  3 frilled lizards
  A jackal zombie (D:7)
  10 kobolds
  2 kobold zombies (Ossuary)
  2 orc zombies (Ossuary)
  A quokka zombie (D:5)
  6 rats
  A rat zombie (D:5)
328 creatures vanquished.

Notes
Turn   | Place    | Note
-------+----------+-------------------------------------------
     0 | D:1      | EnegeticOcto the Deep Dwarf Fighter began the quest for the
                  | Orb.
     0 | D:1      | Reached XP level 1. HP: 20/20 MP: 1/1
   204 | D:2      | Reached XP level 2. HP: 21/27 MP: 2/2
   307 | D:2      | Reached skill level 3 in Axes
   308 | D:2      | Reached XP level 3. HP: 18/34 MP: 3/3
   470 | D:3      | Noticed Terence
   484 | D:3      | Killed Terence
   485 | D:3      | Reached XP level 4. HP: 27/42 MP: 4/4
   512 | D:3      | Noticed Sigmund
   520 | D:3      | Killed Sigmund
   521 | D:3      | Reached skill level 4 in Axes
   521 | D:3      | Reached XP level 5. HP: 25/49 MP: 5/5
   529 | D:3      | Reached XP level 6. HP: 56/56 MP: 6/6
   945 | D:4      | Reached skill level 5 in Axes
  1121 | D:4      | Reached XP level 7. HP: 51/64 MP: 7/7
  1157 | D:4      | Reached skill level 5 in Armour
  1157 | D:4      | Reached skill level 5 in Shields
  1234 | D:4      | Found Gaschejae's General Store.
  1240 | D:4      | Bought a scroll of blinking for 105 gold pieces
  1379 | D:5      | Entered Level 5 of the Dungeon
  1452 | D:5      | Reached skill level 6 in Axes
  1543 | D:5      | Found Kunwousa's Assorted Antiques.
  1651 | D:5      | Found a runed translucent door.
  1655 | D:5      | Noticed dreux's ghost (novice GrEE)
  1705 | D:5      | Reached XP level 8. HP: 65/73 MP: 8/8
  1738 | D:5      | Found a sand-covered staircase.
  1752 | Ossuary  | Entered an ossuary
  1778 | Ossuary  | Reached skill level 7 in Axes
  2176 | D:6      | Noticed Grinder
  2195 | D:6      | Paralysed by Grinder for 6 turns
  2202 | D:6      | Killed Grinder
  2203 | D:6      | Reached skill level 5 in Fighting
  2265 | D:6      | Found a sacrificial altar of Ru.
  2272 | D:6      | Noticed Pikel
  2290 | D:6      | Killed Pikel
  2291 | D:6      | Reached skill level 8 in Axes
  2291 | D:6      | Gained mutation: You passively map the area around you.
                  | [Deep Dwarf growth]
  2291 | D:6      | Reached XP level 9. HP: 62/81 MP: 8/8
  2412 | D:6      | Found a shimmering blue altar of Sif Muna.
  2670 | D:7      | Found a staircase to the Ecumenical Temple.
  2725 | Temple   | Entered the Ecumenical Temple
  2739 | D:7      | Reached skill level 9 in Axes
  3026 | D:3      | Found a hazy altar of Hepliaklqana.
  3091 | D:2      | Found a glowing silver altar of Zin.
  3147 | D:2      | Noticed Jessica
  3158 | D:2      | Killed Jessica
  4733 | D:7      | Found a bloodstained altar of Trog.
  4861 | D:7      | Reached skill level 10 in Axes
  4946 | D:7      | Found a blossoming altar of Fedhas.
  5177 | D:8      | Reached XP level 10. HP: 65/92 MP: 8/8
  5184 | D:8      | Noticed a two-headed ogre
  5202 | D:8      | Killed a two-headed ogre
  5278 | D:8      | Noticed a two-headed ogre
  5294 | D:8      | Killed a two-headed ogre
  5391 | D:8      | Reached skill level 11 in Axes
  5688 | D:8      | Identified a scroll of acquirement
  5688 | D:8      | Acquired the +8 war axe of Niwep {venom, rF- Will+ Int+3}
  5736 | D:9      | Found a burning altar of Makhleb.
  5743 | D:9      | Became a worshipper of Makhleb the Destroyer
  5838 | D:9      | Reached skill level 1 in Invocations
  6290 | D:10     | Entered Level 10 of the Dungeon
  6290 | D:10     | Noticed a gargoyle
  6305 | D:10     | Killed a gargoyle
  6375 | D:10     | Reached * piety under Makhleb
  6393 | D:10     | Reached XP level 11. HP: 53/100 MP: 7/9
  6395 | D:10     | Found a staircase to the Lair.
  6685 | D:10     | Found a portal to a secret trove of treasure.
  6803 | D:11     | Noticed a brown ugly thing
  6803 | D:11     | Noticed a two-headed ogre
  6803 | D:11     | Noticed a two-headed ogre
  6809 | D:11     | Killed a two-headed ogre
  6810 | D:11     | Reached skill level 5 in Invocations
  6810 | D:11     | Killed a two-headed ogre
  6817 | D:11     | Killed a brown ugly thing
  6818 | D:11     | Reached skill level 12 in Axes
  6819 | D:11     | Killed an unseen horror
  6871 | D:11     | Reached ** piety under Makhleb
  7002 | D:11     | Noticed a boulder beetle
  7015 | D:11     | Killed a boulder beetle
  7016 | D:11     | Reached skill level 1 in Evocations
  7259 | D:11     | Found an opulent altar of Gozag.
  7316 | D:11     | Noticed a red ugly thing
  7325 | D:11     | Killed a red ugly thing
  7356 | D:11     | Found Iliytwic's Assorted Antiques.
  7364 | D:11     | Bought a dented jasper amulet for 140 gold pieces
  7495 | D:12     | Noticed a cyan ugly thing
  7502 | D:12     | Killed a cyan ugly thing
  7520 | D:12     | Noticed a skeletal warrior
  7527 | D:12     | Found a transporter.
  7572 | D:12     | Found a transporter.
  7572 | D:12     | Noticed Kaver's ghost (journeyman GrEE)
  7650 | D:12     | Noticed Rupert
  7659 | D:12     | Reached XP level 12. HP: 68/111 MP: 9/11
  7660 | D:12     | Noticed a two-headed ogre
  7677 | D:12     | Killed a two-headed ogre
  7684 | D:12     | Killed Rupert
  7748 | D:12     | Reached skill level 13 in Axes
  7748 | D:12     | Reached skill level 10 in Armour
  7845 | D:12     | Found a staircase to the Orcish Mines.
  7883 | D:12     | Found a roughly hewn altar of Beogh.
  7898 | D:12     | Reached *** piety under Makhleb
  8041 | D:12     | Reached skill level 10 in Shields
  8403 | Orc:1    | Entered Level 1 of the Orcish Mines
  8652 | Orc:2    | Entered Level 2 of the Orcish Mines
  8653 | Orc:2    | Noticed an orc warlord
  8666 | Orc:2    | Mangled by an orc warrior

Illustrated notes

Levels and vault maps discovered:
D:1:      psy_arrival_radial02, layout_rooms, chequers_serial_rivers_large_a
D:2:      layout_basic, nicolae_overflow_hidden_temple, grunt_decor_fettered,
          uniq_jessica
D:3:      layout_rooms, nzn_hepliaklqana_mist_gate, minmay_crystal_water,
          minmay_ogre_servants, uniq_terence, uniq_sigmund
D:4:      layout_loops_ring, serial_shops, shop
D:5:      layout_rooms, serial_shops, shop, enter_ossuary_4,
          ebering_ghost_sewer_d
D:6:      layout_rooms, lemuel_blue_sif_altar, nicolae_ru_awakened_eye,
          uniq_grinder, uniq_pikel
D:7:      layout_rooms, overflow_temple_1_default, kennysheep_mini_moat,
          minmay_temple_entry_mini_moons
D:8:      layout_loops_cross, patterned_corridor
D:9:      layout_long_grid, old_standard_altar
D:10:     layout_rooms, erik_lair_island, enter_trove_0
D:11:     layout_loops_ring, serial_shops, nicolae_shop_crystal,
          nicolae_gozag_cash_rules_everything_around_me
D:12:     layout_basic, minmay_orc_entry_temple_small,
          gammafunk_ghost_mausoleum, uniq_rupert
Temple:   nicolae_temple_no_exploring_needed
Orc:1:    layout_diamond_mine
Orc:2:    st_orc_elflike, layout_caves

Skill      XL: |  1  2  3  4  5  6  7  8  9 10 11 12 |
---------------+-------------------------------------+-----
Axes           | 3 4 5 6 8 10 11 12 13 | 13.1
Fighting       | 3 4 5 6 7 8 |  8.4
Armour         | 4 5 6 7 8 9 10 | 10.0
Shields        | 4 5 6 7 8 9 10 | 10.0
Invocations    | 4 8 9 |  9.0
Evocations     | 2 3 |  3.9

Action                   |  1- 3 |  4- 6 |  7- 9 | 10-12 || total
-------------------------+-------+-------+-------+-------++-------
Melee: War axe           |    74 |    66 |   469 |   445 ||  1054
 Abil: Heal Wounds       |     1 |     2 |    12 |    27 ||    42
Evoke: Wand              |       |       |       |     3 ||     3
  Use: Scroll            |       |       |    16 |     9 ||    25
Armor: Scale mail        |    30 |    14 |       |       ||    44
       Plate armour      |       |    10 |   247 |   273 ||   530
Dodge: Dodged            |    26 |    19 |   100 |    86 ||   231
Block: Kite shield       |    47 |    23 |   290 |   260 ||   620

Table legend: (Time is in decaauts)
 A = Elapsed time spent in this place.
 B = Non-inter-level travel time spent in this place.
 C = Inter-level travel time spent in this place.
 D = Time resting spent in this place.
 E = Time spent auto-exploring this place.
 F = Levels seen in this place.
 G = Mean time per level.
                   A        B        C        D        E       F      G
               +--------+--------+--------+--------+--------+-----+--------+
         Total |   8805 |   8008 |    797 |      0 |   5907 |  16 |  550.3 |
       Dungeon |   8358 |   7588 |    770 |      0 |   5604 |  12 |  696.5 |
        Temple |      1 |      1 |      0 |      0 |      0 |   1 |    1.0 |
  Orcish Mines |    260 |    234 |     26 |      0 |    209 |   2 |  130.0 |
       Ossuary |    184 |    184 |      0 |      0 |     94 |   1 |  184.0 |
               +--------+--------+--------+--------+--------+-----+--------+

Top non-repeatable levels by time:
     D:2: 1259 daAuts
    D:12: 926 daAuts
     D:4: 811 daAuts
     D:8: 762 daAuts
    D:11: 678 daAuts
     D:5: 640 daAuts
     D:3: 626 daAuts
     D:6: 569 daAuts
     D:9: 559 daAuts
     D:7: 522 daAuts
    D:10: 513 daAuts
     D:1: 488 daAuts
   Orc:1: 248 daAuts
 Ossuary: 184 daAuts
   Orc:2: 12 daAuts
